 Dungeon Crawl Stone Soup version 0.25-a0-737-g26c3a87c45 (webtiles) character file.

Game seed: 4299017129382092476, levelgen mode: deterministic

4975 Mehrunes the Reanimator (level 10, 0/74 HPs)
             Began as a Mummy Necromancer on Apr 11, 2020.
             Was a Priest of Ru.
             Slain by a yak (8 damage)
             ... on level 11 of the Dungeon.
             The game lasted 00:37:50 (17050 turns).

Mehrunes the Reanimator (Mummy Necromancer)        Turns: 17050, Time: 00:37:50

Health: 0/74       AC:  8    Str: 12    XL:     10   Next: 29%
Magic:  10/16      EV: 15    Int: 17    God:    Ru [***...]
Gold:   0          SH:  9    Dex: 13    Spells: 3/17 levels left

rFire    x . .     SeeInvis .   G - +0 rapier
rCold    + . .     Gourm    .   q - +0 buckler
rNeg     + + +     Faith    .   k - +0 leather armour
rPois    ∞         Spirit   .   t - +1 helmet
rElec    .         Reflect  +   (no cloak)
rCorr    .         Harm     .   n - +1 pair of gloves
MR       +....                  d - +0 pair of boots
Stlth    ++........             j - +4 amulet of reflection
HPRegen  0.22/turn              g - +3 ring of evasion
MPRegen  0.15/turn              E - +5 ring of evasion

@: extremely horrified
A: no food or potions, fire vulnerability, cold resistance 1, negative energy
resistance 3, torment resistance, unbreathing, cowardly, no conjurations magic,
no fire magic, no hexes magic, reduced EV 1
a: Draw Out Power, Renounce Religion


You were on level 11 of the Dungeon.
You worshipped Ru.
Ru was most pleased with you.
You were not hungry.

You visited 1 branch of the dungeon, and saw 11 of its levels.
You also visited: Ossuary.

Inventory:

Hand Weapons
 b - a +0 dagger
 l - a +0 short sword
 p - a +2 flail of protection
 s - a +2 dagger of freezing
 F - a +0 falchion
 G - a +0 rapier (weapon)
Missiles
 m - 15 poisoned darts (quivered)
Armour
 d - a +0 pair of boots (worn)
 i - a +0 ring mail
 k - a +0 leather armour (worn)
 n - a +1 pair of gloves (worn)
 q - a +0 buckler (worn)
 t - a +1 helmet (worn)
Jewellery
 g - a +3 ring of evasion (left hand)
 j - a +4 amulet of reflection (around neck)
 v - an uncursed ring of stealth
 y - an uncursed ring of flight
 E - a +5 ring of evasion (right hand)
Wands
 r - a wand of polymorph (1)
 x - a wand of digging (9)
 A - a wand of enslavement (9)
 C - a wand of disintegration (16)
Scrolls
 c - a scroll of noise
 e - a scroll of amnesia
 f - a scroll of immolation {unknown}
 h - 7 scrolls of teleportation
 o - 4 scrolls of fear
 z - a scroll of remove curse {unknown}
 B - a scroll of identify
 H - a scroll of random uselessness {unknown}


   Skills:
 + Level 5.2 Fighting
 + Level 3.5 Short Blades
 - Level 1.8 Dodging
 - Level 1.5 Stealth
 - Level 4.3 Shields
 - Level 4.0 Spellcasting
 - Level 12.4 Necromancy


You had 3 spell levels left.
You knew the following spells:

 Your Spells              Type           Power        Failure   Level  Hunger
a - Pain                  Necr           ####         1%          1    N/A
b - Animate Skeleton      Necr           N/A          1%          1    N/A
c - Vampiric Draining     Necr           ####......   1%          3    N/A
d - Animate Dead          Necr           N/A          1%          4    N/A
e - Agony                 Necr           ####....     3%          5    N/A

Your spell library contained the following spells:

 Spells                   Type           Power        Failure   Level  Hunger
 Infusion                 Chrm           #...         21%         1    N/A
 Shroud of Golubria       Chrm/Tloc      #.....       30%         2    N/A
 Song of Slaying          Chrm           #.......     30%         2    N/A
 Ozocubu's Armour         Chrm/Ice       #.......     52%         3    N/A
 Deflect Missiles         Chrm/Air       #.........   100%        6    N/A
 Spectral Weapon          Hex/Chrm       Unusable     N/A         3    N/A
 Cause Fear               Hex            Unusable     N/A         4    N/A
 Silence                  Hex/Air        Unusable     N/A         5    N/A
 Yara's Violent Unravell  Hex/Tmut       Unusable     N/A         5    N/A
 Discord                  Hex            Unusable     N/A         8    N/A

Dungeon Overview and Level Annotations

Branches:
Dungeon (11/15)            Temple (0/1) D:7            Lair (0/6) D:8
    Orc (0/2) D:10        Ossuary (visited)

Altars:
Hepliaklqana
Kikubaaqudgha
Ru
Uskayaw
Wu Jian
Zin
The Shining One

Shops:
D:5 }   D:6 }   D:7 !

Annotations:
D:6 2 transporters, anet's ghost, novice DEWz
D:10 Maurice


Innate Abilities, Weirdness & Mutations

You do not eat or drink.
Your flesh is vulnerable to fire.
You are immune to poison.
Your flesh is cold resistant. (rC+)
You are immune to negative energy. (rN+++)
You are immune to unholy pain and torment.
You can survive without breathing.
Your cowardice makes you less effective in combat with threatening monsters.
You cannot study or cast Conjurations magic.
You cannot study or cast Fire magic.
You cannot study or cast Hexes magic.
You have somewhat slow reflexes. (EV -5)


Message History

You closely miss the yak. You block the yak's attack.
The shadow imp shouts, "Bolt, thou bumbling beetle-headed bugbear!"
You barely miss the yak. The yak gores you but does no damage.
You hit the yak but do no damage. You block the yak's attack.
You barely miss the yak. You block the yak's attack.
You barely miss the yak. You block the yak's attack.
You hit the yak.
The yak is lightly wounded.
You block the yak's attack.
You hit the yak.
The yak is moderately wounded.
The yak gores you.
* * * LOW HITPOINT WARNING * * *
You closely miss the yak.
The yak is moderately wounded.
The yak misses you.
You hit the yak.
The yak is moderately wounded.
The yak gores you!
You die...

###.## #.....# .#
###.....# ####.#####
.......# #.........
#.....# #...%.....
#.....# #.........
#...(5##### #.........
#....YYY@.###.........
#....Y###.............
####.## #####.<.......
#.Y.# ########.# #.###
#.# #.# #Y#


.YY You could see 4 yaks and a shadow imp.

Vanquished Creatures
  Pikel (D:9)
  A hornet (D:10)
  A hippogriff (D:8)
  A spriggan (D:7)
  A shadow (D:9)
  8 yaks
  A hungry ghost (D:9)
  Edmund (D:3)
  An orc warrior (D:9)
  2 slaves (D:9)
  An ice beast (D:10)
  3 sky beasts
  A black bear (D:8)
  2 phantoms (D:6)
  3 ogres
  2 centaurs
  4 bullfrogs
  2 elf skeletons (D:5)
  A gnoll sergeant (D:9)
  A scorpion (D:8)
  A howler monkey (D:4)
  A bullfrog zombie (D:5)
  2 hounds
  A human zombie (D:5)
  An iguana (D:8)
  3 worker ants
  Robin (D:4)
  7 gnolls
  2 adders
  A shadow imp (D:7)
  An ooze (D:3)
  An adder skeleton (D:7)
  3 worms
  3 dart slugs (D:1)
  4 leopard geckos
  4 orcs
  4 giant cockroaches
  12 goblins
  12 hobgoblins
  7 jackals
  2 quokkas
  A ball python (D:1)
  6 bats
  2 frilled lizards
  7 kobolds
  2 orc skeletons (D:5)
  An orc zombie (D:5)
  4 rats
134 creatures vanquished.

Vanquished Creatures (collateral kills)
  A hungry ghost (D:9)
  2 ogres
  A black bear (D:8)
  A big kobold (D:9)
  A bullfrog (D:7)
  A howler monkey (D:6)
  A crimson imp (D:10)
  An iguana (D:8)
  2 adders
  An ooze (D:5)
  An orc (D:9)
  A ball python (D:6)
  A bat (D:3)
  2 hobgoblins
  A goblin (D:1)
  4 kobolds
22 creatures vanquished.

Vanquished Creatures (others)
  An ogre (D:9)
  A centaur (D:9)
  An orc (D:6)
  A goblin (D:3)
  2 kobolds
  A plant (D:10)
7 creatures vanquished.

Grand Total: 163 creatures vanquished

Notes
Turn   | Place    | Note
-------+----------+-------------------------------------------
     0 | D:1      | Mehrunes the Mummy Necromancer began the quest for the Orb.
     0 | D:1      | Reached XP level 1. HP: 13/13 MP: 4/4
    14 | D:1      | Learned a level 1 spell: Animate Skeleton
   320 | D:1      | Reached XP level 2. HP: 20/20 MP: 3/5
   437 | D:1      | Reached skill level 1 in Fighting
   653 | D:1      | Reached XP level 3. HP: 9/26 MP: 0/7
   907 | D:1      | Learned a level 3 spell: Vampiric Draining
  1411 | D:2      | Found a hide-covered altar of Uskayaw.
  2512 | D:2      | Reached XP level 4. HP: 33/33 MP: 8/8
  3231 | D:3      | Reached skill level 5 in Necromancy
  3370 | D:4      | Noticed Edmund
  3535 | D:3      | Killed Edmund
  3535 | D:3      | Reached XP level 5. HP: 36/41 MP: 0/9
  3682 | D:4      | Noticed Robin
  3707 | D:4      | Reached skill level 1 in Short Blades
  3886 | D:4      | Killed Robin
  4080 | D:4      | Found a sacrificial altar of Ru.
  4126 | D:4      | Became a worshipper of Ru the Awakened
  4229 | D:4      | Learned a level 4 spell: Animate Dead
  4251 | D:4      | Found an ancient bone altar of Kikubaaqudgha.
  4396 | D:4      | Reached XP level 6. HP: 36/47 MP: 10/10
  4908 | D:5      | Entered Level 5 of the Dungeon
  5096 | D:5      | Reached skill level 1 in Shields
  5223 | D:5      | Found a sand-covered staircase.
  5232 | Ossuary  | Entered an ossuary
  5614 | D:5      | Reached skill level 6 in Necromancy
  5744 | D:5      | Found Qihaffawk's Gadget Shop.
  5795 | D:5      | Gained mutation: Your cowardice makes you less effective in
                  | combat with threatening monsters. [Ru sacrifice]
  5795 | D:5      | Reached * piety under Ru
  6217 | D:5      | Reached XP level 7. HP: 50/52 MP: 11/11
  7207 | D:6      | Reached skill level 7 in Necromancy
  7345 | D:6      | Found Zeedesy's Gadget Boutique.
  7487 | D:6      | Found a sacrificial altar of Ru.
  7488 | D:6      | Found a transporter.
  7495 | D:6      | Noticed anet's ghost (novice DEWz)
  7498 | D:6      | Found a transporter.
  7723 | D:6      | Learned a level 5 spell: Agony
  8044 | D:7      | Reached XP level 8. HP: 56/58 MP: 7/14
  8149 | D:7      | Found Juijout's Distillery.
  8446 | D:7      | Reached skill level 8 in Necromancy
  8449 | D:7      | Found a staircase to the Ecumenical Temple.
  8556 | D:7      | Gained mutation: You have somewhat slow reflexes. (EV -5)
                  | [Ru sacrifice]
  8556 | D:7      | Reached ** piety under Ru
  9013 | D:8      | Noticed a hippogriff
  9025 | D:8      | Killed a hippogriff
  9025 | D:8      | Reached skill level 9 in Necromancy
  9255 | D:8      | Found a staircase to the Lair.
  9829 | D:8      | You fall into a shaft and drop 1 floor!
  9843 | D:9      | Reached skill level 10 in Necromancy
  9843 | D:9      | Reached XP level 9. HP: 40/64 MP: 0/15
  9845 | D:9      | Found the +10 zealot's sword {holy, *Rage rN+ EV+3}
 10299 | D:9      | You fall into a shaft and drop 2 floors!
 10305 | D:10     | Entered Level 10 of the Dungeon
 10454 | D:9      | Reached skill level 11 in Necromancy
 10711 | D:9      | Found a glowing silver altar of Zin.
 10711 | D:9      | Found a glowing golden altar of the Shining One.
 10711 | D:9      | Found an ornate altar of the Wu Jian Council.
 10711 | D:9      | Found a hazy altar of Hepliaklqana.
 10711 | D:9      | Noticed Pikel
 11389 | D:9      | Killed Pikel
 11389 | D:9      | Reached skill level 12 in Necromancy
 11835 | D:10     | Found a staircase to the Orcish Mines.
 11898 | D:10     | Gained mutation: You cannot study or cast Fire magic. [Ru
                  | sacrifice]
 11898 | D:10     | Gained mutation: You cannot study or cast Hexes magic. [Ru
                  | sacrifice]
 11898 | D:10     | Gained mutation: You cannot study or cast Conjurations
                  | magic. [Ru sacrifice]
 11898 | D:10     | Reached *** piety under Ru
 12521 | D:10     | Reached XP level 10. HP: 49/71 MP: 9/16
 12901 | D:11     | Noticed Maurice
 14031 | D:10     | Found a staircase to the Orcish Mines.
 14852 | D:10     | Found a staircase to the Orcish Mines.
 15701 | D:10     | Found a staircase to the Orcish Mines.
 16183 | D:10     | Found a staircase to the Orcish Mines.
 16996 | D:11     | Reached skill level 5 in Fighting
 17050 | D:11     | Slain by a yak

Levels and vault maps discovered:
D:1:      noname_arrival_rooms_in_the_neighbourhood, layout_basic
D:2:      layout_rooms, nicolae_overflow_crystal_walls,
          minmay_misc_feat_enclosed
D:3:      layout_loops_ring, st_stairs_3
D:4:      layout_layer_cave, overflow_temple_1_default, kiku_gazebo_pond_becter,
          st_stairs_12, minivault_11, minmay_misc_feat_alley,
          chequers_serial_rivers_micro_c, uniq_edmund, uniq_robin
D:5:      layout_loops_corners, first_ration, nicolae_ossuary_entry_catacombs,
          serial_shops, nicolae_shop_stone
D:6:      layout_gridville, serial_shops, kennysheep_mini_moat,
          gammafunk_ghost_arena, lemuel_statue_altar
D:7:      layout_basic, minmay_temple_entry_waves, serial_shops, shop,
          the_bakery, lemuel_old_faithful
D:8:      layout_cave_pods, lair_entry_dummy
D:9:      layout_rooms, grunt_temple_overflow_cloverleaf, uniq_pikel
D:10:     layout_basic, orc_0_dummy, chequers_serial_rivers_room_b,
          nicolae_zen_rock_garden
D:11:     layout_roguey, uniq_maurice

Skill      XL: |  1  2  3  4  5  6  7  8  9 10 |
---------------+-------------------------------+-----
Fighting       | 1 2 3 5 |  5.2
Necromancy     | 5 6 7 10 12 | 12.4
Short Blades   | 1 2 3 |  3.5
Shields        | 2 3 4 |  4.3
Spellcasting   | 4 |  4.0
Dodging        | |  1.8
Stealth        | |  1.5

Action                   |  1- 3 |  4- 6 |  7- 9 | 10-12 || total
-------------------------+-------+-------+-------+-------++-------
Melee: Dagger            |    37 |    94 |   479 |    50 ||   660
       Unarmed           |     1 |       |       |       ||     1
       Short sword       |    16 |    60 |       |       ||    76
       Rapier            |       |       |       |   219 ||   219
 Cast: Pain              |    73 |    29 |    27 |       ||   129
       Animate Skeleton  |     6 |    20 |     3 |       ||    29
       Vampiric Draining |     2 |    13 |    59 |    31 ||   105
       Animate Dead      |       |       |    15 |     4 ||    19
Invok: Sacrifice Courage |       |     1 |       |       ||     1
       Sacrifice Health  |       |       |     1 |       ||     1
       Sacrifice Arcana  |       |       |     1 |       ||     1
  Use: Scroll            |     1 |     4 |     9 |       ||    14
 Stab: Sleeping          |     2 |     2 |     3 |       ||     7
       Distracted        |       |       |     3 |       ||     3
       Invisible         |       |       |       |     1 ||     1
Armor: Robe              |    11 |       |       |       ||    11
       Leather armour    |     1 |    23 |    82 |    29 ||   135
Dodge: Dodged            |    58 |    94 |   169 |   118 ||   439
Block: Other             |     2 |    11 |       |       ||    13
       Reflection        |       |     7 |     5 |     2 ||    14
       Buckler           |       |    42 |   166 |    65 ||   273

Table legend:
 A = Non-vault XP
 B = Vault XP
 C = Vault XP percentage of total XP
 D = Non-vault monster count
 E = Vault monster count
 F = Vault count percentage of total count
                 A         B        C        D         E       F
            +---------+---------+-------+---------+---------+-------
      Total |    5812 |    1296 |  18.2 |     133 |      25 |  15.8
            +---------+---------+-------+---------+---------+-------
        D:1 |      58 |       0 |   0.0 |      24 |       0 |   0.0
        D:2 |      39 |       0 |   0.0 |      12 |       0 |   0.0
        D:3 |      31 |     188 |  85.8 |      15 |      11 |  42.3
        D:4 |      62 |      25 |  28.7 |       4 |       6 |  60.0
        D:5 |     209 |     208 |  49.9 |       8 |       6 |  42.9
        D:6 |     479 |       0 |   0.0 |       8 |       0 |   0.0
        D:7 |     349 |     212 |  37.8 |      10 |       1 |   9.1
        D:8 |     916 |       0 |   0.0 |      11 |       0 |   0.0
        D:9 |    1600 |     663 |  29.3 |      26 |       1 |   3.7
       D:10 |    1168 |       0 |   0.0 |      10 |       0 |   0.0
       D:11 |     901 |       0 |   0.0 |       5 |       0 |   0.0
            +---------+---------+-------+---------+---------+-------
